AoeStats
← Brazy_Boy4

Black Forest

510451741Analyzed
3v3 RM · 1d ago on Oct 1, 2026· 48m 5s· 6 players
Game mode
Random Map
Map size
Normal (6 player)
Population
200
Speed
Normal
Resources
Standard
Victory
Conquest
Starting age
Dark Age
Ending age
Imperial Age
RankedLock teamsTeams togetherTeam positionsShared explorationLock speedFull tech treeHidden civsTurbo modeCheats
Victory
Defeat
🇨🇳 Lithuanians · China
1245
+21
🇦🇺 Celts · Australia
1212
+14
🇨🇳 Persians · China
1145
+17
🇲🇽 Britons · Mexico
1230
-17
🇲🇽 Goths · Mexico
1155
-14
🇺🇸 Ethiopians · United States
1135
-13
Brazy_Boy4
0:37 Loom
11:59 Feudal Age
12:28 Double-Bit Axe
19:01 Castle Age
18:28 Horse Collar
20:33 Bow Saw
22:02 Wheelbarrow
24:10 Hand Cart
30:36 Imperial Age
28:46 Gold Mining
28:48 Stone Mining
29:02 Heavy Plow
29:13 Caravan
30:38 Crossbowman
31:10 Fletching
31:20 Padded Archer Armor
31:29 Thumb Ring
31:46 Ballistics
32:27 Chemistry
32:49 Arbalester
34:37 Bodkin Arrow
35:53 Forging
45:57 Iron Casting
45:23 Scale Mail Armor
amo del calabozo 1100
0:26 Loom
10:50 Feudal Age
11:37 Double-Bit Axe
11:39 Town Watch
11:37 Horse Collar
20:48 Castle Age
19:13 Scale Mail Armor
19:35 Man-at-Arms
20:25 Gold Mining
20:28 Stone Mining
21:31 Forging
22:47 Bow Saw
22:28 Fishing Lines
24:23 Gillnets
26:14 Town Patrol
27:53 Wheelbarrow
27:27 Heavy Plow
32:18 Imperial Age
30:42 Hand Cart
31:28 Chain Mail Armor
31:48 Iron Casting
33:26 Anarchy
35:01 Blast Furnace
33:23 Elite Huskarl
35:13 Two-Man Saw
33:53 Long Swordsman
34:34 Squires
34:42 Pikeman
34:42 Two-Handed Swordsman
35:16 Halberdier
36:41 Crop Rotation
36:22 Perfusion
35:51 Onager
36:33 Champion
37:58 Conscription
40:20 Chemistry
41:11 Ballistics
ojitos007
0:43 Loom
12:22 Feudal Age
16:37 Castle Age
14:35 Double-Bit Axe
17:49 Bow Saw
18:35 Fishing Lines
21:15 Gillnets
27:57 Imperial Age
26:28 Wheelbarrow
26:17 Stone Mining
26:36 Fletching
28:04 Bodkin Arrow
28:10 Padded Archer Armor
29:26 Bracer
31:47 Chemistry
33:40 Ballistics
33:43 Leather Archer Armor
38:29 Elite Longbowman
39:35 Man-at-Arms
40:37 Scale Mail Armor
40:42 Long Swordsman
42:20 Chain Mail Armor
43:51 Two-Handed Swordsman
44:19 Gambesons
45:56 Two-Man Saw
46:20 Plate Mail Armor
lethe711
12:03 Feudal Age
12:52 Fishing Lines
12:58 Double-Bit Axe
17:05 Gold Mining
19:16 Castle Age
20:32 Bow Saw
20:15 Gillnets
21:52 Stone Mining
26:26 Imperial Age
24:33 Wheelbarrow
26:27 Gold Shaft Mining
27:05 Capped Ram
27:06 Elite Woad Raider
28:07 Conscription
27:22 Onager
27:37 Onager
29:32 Scale Mail Armor
29:43 Forging
29:43 Siege Ram
29:46 Pikeman
32:23 Chain Mail Armor
32:43 Halberdier
34:00 Plate Mail Armor
34:06 Iron Casting
33:41 Stronghold
34:28 Fletching
35:03 Ballistics
36:24 Furor Celtica
37:15 Blast Furnace
38:57 Bodkin Arrow
39:08 Siege Engineers
40:04 Chemistry
39:39 Heavy Scorpion
40:54 Caravan
42:04 Fervor
42:15 Sanctity
47:16 Fortified Wall
47:17 Masonry
本人很暴躁
10:43 Feudal Age
14:36 Castle Age
12:38 Double-Bit Axe
12:35 Horse Collar
15:52 Bow Saw
15:54 Heavy Plow
16:40 Loom
17:51 Wheelbarrow
23:37 Stone Mining
23:40 Gold Mining
24:42 Hand Cart
24:40 Town Watch
26:19 Stone Shaft Mining
29:15 Imperial Age
27:41 Forging
27:37 Scale Barding Armor
29:11 Iron Casting
28:57 Husbandry
29:07 Bloodlines
30:58 Chain Barding Armor
30:54 Masonry
31:37 Chain Barding Armor
30:59 Treadmill Crane
31:40 Ballistics
32:20 Chemistry
30:48 Elite Leitis
32:16 Conscription
31:57 Tower Shields
32:31 Elite Skirmisher
33:53 Hoardings
33:55 Plate Barding Armor
33:10 Fletching
34:07 Padded Archer Armor
34:38 Architecture
35:15 Bodkin Arrow
36:30 Bracer
36:45 Leather Archer Armor
39:04 Ring Archer Armor
39:05 Light Cavalry
39:49 Scale Mail Armor
40:15 Winged Hussar
43:23 Hill Forts
46:38 Crop Rotation
47:11 Two-Man Saw
48:07 Chain Mail Armor
48:11 Heated Shot
KG.专业开脑壳
1:23 Loom
10:58 Feudal Age
16:10 Castle Age
14:59 Double-Bit Axe
15:12 Horse Collar
16:49 Wheelbarrow
18:22 Wheelbarrow
18:59 Heavy Plow
29:27 Imperial Age
27:26 Gold Mining
27:27 Stone Mining
27:43 Scale Mail Armor
27:52 Scale Barding Armor
29:00 Chain Barding Armor
30:52 Plate Barding Armor
30:20 Husbandry
30:31 Bloodlines
30:42 Hand Cart
30:13 Town Watch
30:59 Town Patrol
31:54 Forging
32:50 Bow Saw
34:35 Iron Casting
35:56 Crop Rotation
35:53 Conscription
37:01 Two-Man Saw
37:09 Blast Furnace
36:00 Light Cavalry
36:13 Elite War Elephant
37:37 Gold Shaft Mining
40:12 Caravan
40:22 Elite Skirmisher
41:35 Padded Archer Armor
41:25 Fletching
42:58 Leather Archer Armor
43:08 Ballistics
43:48 Chemistry
43:19 Citadels
45:23 Ring Archer Armor
46:41 Bodkin Arrow
46:59 Masonry
Connection lost

Rejoining the realm…

Still unreachable

The connection could not be restored.

Session expired

The server has moved on; the page needs a fresh start.